 Dungeon Crawl Stone Soup version 0.22.1-1-ga44c0e5 (webtiles) character file.

34316 Zebedee the Brawler (level 13, -7/130 HPs)
             Began as a Troll Monk on Oct 20, 2018.
             Killed from afar by a wretched star (30 damage)
             ... with an orb of energy
             ... on level 1 of the Abyss.
             The game lasted 01:15:52 (16380 turns).

Zebedee the Brawler (Troll Monk)                   Turns: 16380, Time: 01:15:53

Health: -7/130     AC: 11    Str: 26      XL:     13   Next: 41%
Magic:  16/16      EV: 19    Int:  8      God:
Gold:   1771       SH:  0    Dex:  7 (8)  Spells: 7/17 levels left

rFire    + + .     SeeInvis .     - Unarmed
rCold    + + .     Gourm    +   (shield currently unavailable)
rNeg     + + +     Faith    .   (armour currently unavailable)
rPois    ∞         Spirit   .   (helmet currently unavailable)
rElec    +         Reflect  .   (cloak currently unavailable)
rCorr    +         Harm     .   (gloves unavailable)
MR       .....     Rnd*Tele +   (boots unavailable)
Stlth    +.........             (amulet currently unavailable)
HPRegen  0.71/turn              (ring currently unavailable)
MPRegen  0.15/turn              (ring currently unavailable)

@: mighty, brilliant, about to teleport, wisp-form, flying, hasted, very quick
A: tiny, unfitting armour, [blurry vision 2], [clumsy 2], [deterioration 2],
[dopey 2], fast metabolism 3, gourmand, regeneration 1, [screaming 3],
[teleportitis 2], [weak 2], [subdued magic 2]
a: no special abilities


You were on level 1 of the Abyss.
You were full.
You were an insubstantial wisp.
You visited 4 branches of the dungeon, and saw 17 of its levels.
You visited the Abyss 1 time.
You also visited: Bailey, Ice Cave and Volcano.

You collected 1771 gold pieces.

Inventory:

Hand Weapons
 b - the +6 mace of Instant Death {protect, rC+ Dex+4 Stlth+}
   (You took it off an orc on level 9 of the Dungeon)

   It protects the one who uses it against injury (+AC on strike).
   It affects your dexterity (+4).
   It protects you from cold.
   It makes you more stealthy.
 v - the +6 flail of Peace {drain, Int+5}
   (You found it in an ice cave)

   A truly terrible weapon, it drains the life of those it strikes.
   It affects your intelligence (+5).
Missiles
 s - 4 javelins
 t - 2 throwing nets
 u - 248 arrows
 w - 11 large rocks (quivered)
 I - 5 tomahawks of returning
 N - 5 steel tomahawks
Armour
 o - a +2 cloak (melded)
 T - a +2 robe of cold resistance (melded)
Jewellery
 a - an uncursed ring of resist corrosion
 f - an amulet of guardian spirit (melded)
 g - an uncursed ring of protection from fire
 i - an uncursed ring of fire
 j - a ring of wizardry (melded)
 l - an uncursed ring of ice
 m - a ring of protection from cold (melded)
 Z - an uncursed ring of protection from cold
Wands
 x - a wand of digging (16)
 C - a wand of clouds (5)
 F - a wand of flame (55)
Scrolls
 d - a scroll of torment {unknown}
 e - a scroll of magic mapping
 h - 2 scrolls of fog
 y - 2 scrolls of identify
 A - 2 scrolls of teleportation
 B - 4 scrolls of remove curse
 E - 2 scrolls of fear
 M - a scroll of amnesia {unknown}
 O - a scroll of random uselessness {unknown}
 P - a scroll of enchant armour
 S - a scroll of vulnerability {unknown}
 W - a scroll of brand weapon {unknown}
Potions
 k - 3 potions of lignification
 r - a potion of experience {unknown}
 z - a potion of agility {unknown}
 D - a potion of magic
 G - a potion of mutation {unknown}
 K - a potion of brilliance
 L - 2 potions of flight
 V - a potion of might
 Y - a potion of resistance {unknown}
Miscellaneous
 c - a phial of floods (inert)
 R - a lamp of fire (inert)
Comestibles
 Q - 29 rations


   Skills:
 + Level 8.9 Fighting
 - Level 0.1 Maces & Flails
 - Level 5.3 Throwing
 - Level 4.7 Armour
 - Level 2.4 Dodging
 - Level 1.0 Stealth
 - Level 16.4 Unarmed Combat
 - Level 2.8 Spellcasting
 * Level 1.6 Conjurations
 - Level 2.6 Charms
 - Level 3.4 Necromancy
 * Level 1.6 Fire Magic
 - Level 1.0 Evocations


You had 7 spell levels left.
You knew the following spells:

 Your Spells              Type           Power        Failure   Level  Hunger
a - Animate Skeleton      Necr           N/A          1%          1    ##.....
b - Regeneration          Chrm/Necr      #.........   2%          3    ####...
c - Vampiric Draining     Necr           #.........   2%          3    ####...
d - Conjure Flame         Conj/Fire      #.......     4%          3    ####...

Your spell library contained the following spells:

 Spells                   Type           Power        Failure   Level  Hunger
 Flame Tongue             Conj/Fire      #....        1%          1    ##.....
 Pain                     Necr           #...         1%          1    ##.....
 Throw Flame              Conj/Fire      #.....       2%          2    ###....
 Beastly Appendage        Tmut           #.....       3%          1    ##.....
 Sticks to Snakes         Tmut           #.......     4%          2    ###....
 Inner Flame              Hex/Fire       #.......     6%          3    ####...
 Animate Dead             Necr           N/A          7%          4    #####..
 Spider Form              Tmut/Pois      #.........   9%          3    ####...
 Sticky Flame             Conj/Fire      #.......     14%         4    #####..
 Ice Form                 Ice/Tmut       #.......     26%         4    #####..
 Fireball                 Conj/Fire      #.........   36%         5    ######.
 Blade Hands              Tmut           #.........   56%         5    ######.
 Metabolic Englaciation   Hex/Ice        #.........   56%         5    ######.
 Simulacrum               Ice/Necr       #.........   85%         6    #######
 Bolt of Cold             Conj/Ice       #.........   92%         6    #######
 Freezing Cloud           Conj/Ice/Air   #.........   94%         6    #######
 Ozocubu's Refrigeration  Ice            #.........   96%         6    #######


Dungeon Overview and Level Annotations

Branches:
Dungeon (10/15)            Temple (1/1) D:6            Lair (5/6) D:10
 Spider (0/4) Lair:3          Orc (1/2) D:9
  Swamp: Lair:2-4    Shoals: Lair:2-4     Slime: Lair:5-6

Altars:
Ashenzari
Cheibriados
Dithmenos
Elyvilon
Fedhas
Gozag
Hepliaklqana
Kikubaaqudgha
Makhleb
Nemelex Xobeh
Okawaru
Qazlal
Ru
Sif Muna
Trog
Uskayaw
Vehumet
Wu Jian
Xom
Yredelemnul
Zin
The Shining One

Shops:
D:5 :   Orc:1 *

Annotations:
D:7 exclusion: downstairs
Lair:3 exclusion: downstairs, Sonja


Innate Abilities, Weirdness & Mutations

You are too large for most types of armour.
((You have claws for hands.))
Your metabolism is lightning-fast.
You like to eat raw meat.
Your natural rate of healing is unusually fast.
((You are covered in fur. (AC +1)))
((You have very tough skin. (AC +2)))
[Scrolls take you longer to read.]
[You are very clumsy. (Dex -4)]
[Your body often deteriorates upon taking damage.]
[You are very dopey. (Int -4)]
[You frequently scream uncontrollably at your foes.]
[You are sometimes teleported next to monsters.]
[You are very weak. (Str -4)]
[Your spells are easier to cast, but less powerful.]


Message History

Your +2 robe of cold resistance melds into your body.
Your ring of wizardry melds into your body.
Your ring of protection from cold melds into your body.
Your amulet of guardian spirit melds into your body.
You feel less resistant to cold.
You touch the chaos spawn.
The chaos spawn is lightly wounded.
The neqoxec gestures at you.
Something tries to feed on your intellect!
The small abomination hits you!
* * * LOW HITPOINT WARNING * * *
Your body deteriorates!
You feel clumsy.
The chaos spawn gores you but does no damage.
It was a potion of brilliance.
You feel clever all of a sudden.
The small abomination hits you but does no damage.
It was a potion of magic.
Magic courses through your body.
You blink.
The wretched star glows turbulently.
The orb of energy hits you!
You die...

# ###....## ....
...... ... . ###..##
..#....*##..#...# . .
... .$. .##. *.....
#..# . #.. ### .##..#
#.# ..
#..####.#..#####....#
. 3......*##.#.v...#
. .. # ###
#4x*##..#.# ....
#..###.# .#... ##.. #
..#.* . # ## ..# .#..
#.. .#.#.# ## ...##
### ## . . . ## . .


You could see a wretched star, a chaos spawn and a small abomination.

Vanquished Creatures
  A frost giant (IceCv)
  An ettin (Orc:1)
  Fannar (D:10)
  A hydra (Lair:5)
  A centaur warrior (Volcano)
  A wretched star (Abyss:1)
  A hell knight (Volcano)
  3 orc knights (Bailey)
  Pikel (D:9)
  A torpor snail (Lair:3)
  3 spiny frogs
  An ice statue (IceCv)
  2 rime drakes (IceCv)
  3 yaktaurs (Volcano)
  2 komodo dragons
  2 jumping spiders (Lair:3)
  12 polar bears (IceCv)
  A troll (D:9)
  Grinder (D:5)
  10 blink frogs
  5 hippogriffs
  5 dream sheep (Lair:5)
  4 redbacks (Lair:3)
  A spriggan (D:7)
  A vampire (D:8)
  A wyvern (D:8)
  34 yaks
  3 basilisks
  A hungry ghost (D:8)
  Menkaure (D:7)
  Edmund (D:5)
  A warg (Orc:1)
  5 water moccasins
  5 porcupines
  4 black bears
  17 orc warriors
  2 ice beasts (D:7)
  6 ogres
  3 phantoms
  18 wolves
  9 centaurs
  6 crocodiles
  10 bullfrogs
  A gnoll sergeant (D:9)
  6 scorpions
  11 wights
  A spriggan skeleton (Abyss:1)
  7 howler monkeys
  4 crimson imps
  7 orc priests
  5 hounds
  2 jellies (D:7)
  A centaur skeleton (D:6)
  10 orc wizards
  6 iguanas
  Ijyb (D:5)
  11 worker ants
  A howler monkey zombie (D:9)
  2 worker ant zombies
  6 gnolls
  A howler monkey skeleton (D:5)
  16 adders
  A shadow imp (D:6)
  An ooze (D:1)
  An adder zombie (D:9)
  2 adder skeletons
  4 worms
  3 dart slugs
  6 leopard geckos
  77 orcs
  7 giant cockroaches
  14 goblins
  10 hobgoblins
  12 jackals
  6 quokkas
  A ball python (D:1)
  10 bats
  8 frilled lizards
  9 kobolds
  8 rats
  A plant (Lair:3)
472 creatures vanquished.

Vanquished Creatures (collateral kills)
  A hydra (Lair:5)
1 creature vanquished.

Vanquished Creatures (others)
  2 death yaks (IceCv)
  A polar bear (IceCv)
  A yak (IceCv)
  7 wolves (IceCv)
  A scorpion (D:9)
  5 fungi (Lair:5)
  A plant (Lair:5)
18 creatures vanquished.

Grand Total: 491 creatures vanquished

Notes
Turn   | Place    | Note
-------+----------+-------------------------------------------
     0 | D:1      | Zebedee the Troll Monk began the quest for the Orb.
     0 | D:1      | Reached XP level 1. HP: 22/22 MP: 0/0
    81 | D:1      | Reached XP level 2. HP: 29/29 MP: 1/1
   240 | D:1      | Reached skill level 4 in Unarmed Combat
   410 | D:1      | Reached XP level 3. HP: 36/36 MP: 2/2
   815 | D:2      | Reached skill level 5 in Unarmed Combat
   815 | D:2      | Reached XP level 4. HP: 41/44 MP: 3/3
  1472 | D:3      | Reached XP level 5. HP: 45/50 MP: 2/4
  1963 | D:3      | Reached skill level 6 in Unarmed Combat
  1994 | D:4      | Noticed an ogre
  2008 | D:4      | Killed an ogre
  2084 | D:4      | Reached XP level 6. HP: 56/59 MP: 3/5
  2102 | D:4      | Reached skill level 7 in Unarmed Combat
  2623 | D:5      | Entered Level 5 of the Dungeon
  2784 | D:5      | Reached skill level 8 in Unarmed Combat
  2784 | D:5      | Reached XP level 7. HP: 61/66 MP: 4/6
  2787 | D:5      | Noticed Ijyb
  2791 | D:5      | Killed Ijyb
  3128 | D:5      | Noticed Edmund
  3133 | D:5      | Reached skill level 9 in Unarmed Combat
  3143 | D:5      | Killed Edmund
  3274 | D:5      | Found a faded altar of an unknown god.
  3274 | D:5      | Found a faded altar of an unknown god.
  3294 | D:5      | Found a radiant altar of Vehumet.
  3296 | D:5      | Found an opulent altar of Gozag.
  3297 | D:5      | Found a shadowy altar of Dithmenos.
  3366 | D:5      | Found Riaf's Book Boutique.
  3376 | D:5      | Noticed Grinder
  3394 | D:5      | Paralysed by Grinder for 7 turns
  3406 | D:5      | Killed Grinder
  3406 | D:5      | Reached skill level 10 in Unarmed Combat
  3406 | D:5      | Reached XP level 8. HP: 21/74 MP: 0/7
  3878 | D:6      | Found a deep blue altar of Sif Muna.
  3941 | D:6      | Reached skill level 11 in Unarmed Combat
  4234 | D:6      | Found a faded altar of an unknown god.
  4236 | D:6      | Found a staircase to the Ecumenical Temple.
  4253 | Temple   | Entered the Ecumenical Temple
  4399 | D:6      | Found an ancient bone altar of Kikubaaqudgha.
  4447 | D:6      | Reached XP level 9. HP: 67/80 MP: 8/8
  4620 | D:7      | Reached skill level 12 in Unarmed Combat
  4712 | D:7      | Noticed Menkaure
  4739 | D:7      | Killed Menkaure
  5016 | D:7      | Reached skill level 13 in Unarmed Combat
  5311 | D:8      | Reached XP level 10. HP: 92/92 MP: 9/9
  5640 | D:8      | Reached skill level 1 in Throwing
  5682 | D:8      | Found a glowing golden altar of the Shining One.
  5692 | D:8      | Reached skill level 14 in Unarmed Combat
  6134 | D:8      | Found an iron altar of Okawaru.
  6314 | D:8      | Found a basalt altar of Yredelemnul.
  6773 | D:9      | Got a shimmering mace {protect}
  6774 | D:9      | Identified the +6 mace of Instant Death {protect, rC+ Dex+4
                  | Stlth+} (You took it off an orc on level 9 of the Dungeon)
  6840 | D:9      | Found a staircase to the Orcish Mines.
  6887 | D:9      | Found the +7 captain's cutlass {speed, disarm}
  6896 | D:9      | Noticed Pikel
  6906 | D:9      | Killed Pikel
  6906 | D:9      | Reached skill level 15 in Unarmed Combat
  7425 | D:9      | Found a shimmering altar of Xom.
  7494 | Orc:1    | Entered Level 1 of the Orcish Mines
  7553 | Orc:1    | Reached skill level 5 in Fighting
  7602 | Orc:1    | Found a flagged portal.
  7627 | Bailey   | Entered a bailey
  8333 | Bailey   | Noticed an orc knight
  8346 | Bailey   | Killed an orc knight
  8346 | Bailey   | Reached XP level 11. HP: 82/104 MP: 8/10
  8386 | Bailey   | Noticed an orc knight
  8397 | Bailey   | Killed an orc knight
  8397 | Bailey   | Reached skill level 1 in Evocations
  8461 | Bailey   | Noticed an orc knight
  8562 | Bailey   | Killed an orc knight
  9388 | Orc:1    | Found Lisa's Assorted Antiques.
  9398 | Orc:1    | Noticed an ettin
  9405 | Orc:1    | Killed an ettin
  9594 | D:10     | Entered Level 10 of the Dungeon
 10491 | D:10     | Noticed Fannar
 10513 | D:10     | Killed Fannar
 10513 | D:10     | Reached skill level 5 in Throwing
 10730 | D:10     | Found a staircase to the Lair.
 10823 | Lair:1   | Entered Level 1 of the Lair of Beasts
 10934 | Lair:1   | Found a dark tunnel.
 10940 | Volcano  | Entered a volcano
 10956 | Volcano  | Noticed a centaur warrior
 11082 | Volcano  | Killed a centaur warrior
 11082 | Volcano  | Reached skill level 1 in Armour
 11215 | Volcano  | Found a radiant altar of Vehumet.
 11216 | Volcano  | Noticed a hell knight
 11243 | Volcano  | Killed a hell knight
 11612 | Lair:1   | Reached XP level 12. HP: 64/118 MP: 6/11
 12650 | Lair:2   | Reached skill level 16 in Unarmed Combat
 13380 | Lair:3   | Found a frozen archway.
 13423 | IceCv    | Entered an ice cave
 13559 | IceCv    | Learned a level 1 spell: Animate Skeleton
 13563 | IceCv    | Learned a level 3 spell: Regeneration
 13689 | IceCv    | Reached skill level 1 in Necromancy
 13738 | IceCv    | Reached skill level 1 in Charms
 13832 | IceCv    | Reached skill level 1 in Spellcasting
 14111 | IceCv    | Noticed a death yak
 14111 | IceCv    | Noticed a frost giant
 14111 | IceCv    | Noticed a death yak
 14134 | IceCv    | Killed a death yak
 14135 | IceCv    | Killed a death yak
 14150 | IceCv    | Killed a frost giant
 14511 | IceCv    | Got a steaming flail
 14512 | IceCv    | Identified the +6 flail of Peace {drain, Int+5} (You found
                  | it in an ice cave)
 14752 | Lair:3   | You fall through a shaft for 2 floors!
 14767 | Lair:5   | Reached XP level 13. HP: 122/128 MP: 15/15
 14822 | Lair:5   | Learned a level 3 spell: Vampiric Draining
 15549 | Lair:4   | Learned a level 3 spell: Conjure Flame
 15860 | Lair:3   | Reached skill level 1 in Conjurations
 15860 | Lair:3   | Reached skill level 1 in Fire Magic
 16225 | Lair:3   | Found a hole to the Spider Nest.
 16228 | Lair:3   | Noticed Sonja
 16286 | Lair:3   | Cast into level 1 of the Abyss (Sonja)
 16370 | Abyss:1  | HP: 6/130 [small abomination (10)]
 16380 | Abyss:1  | Killed from afar by a wretched star

Skill      XL: |  1  2  3  4  5  6  7  8  9 10 11 12 13 |
---------------+----------------------------------------+-----
Unarmed Combat | 4 5 6 8 10 11 13 15 16 | 16.4
Fighting       | 3 5 7 8 |  8.9
Throwing       | 2 5 |  5.3
Evocations     | 1 |  1.0
Armour         | 2 4 |  4.7
Necromancy     | 2 3 |  3.4
Charms         | 2 |  2.6
Spellcasting   | 2 |  2.8
Conjurations   | 1 |  1.6
Fire Magic     | 1 |  1.6
Maces & Flails | |  0.1
Dodging        | |  2.4
Stealth        | |  1.0

Action                   |  1- 3 |  4- 6 |  7- 9 | 10-12 | 13-15 || total
-------------------------+-------+-------+-------+-------+-------++-------
Melee: Unarmed           |    91 |   190 |   228 |   688 |   142 ||  1339
       Punch             |     3 |     6 |     9 |    40 |     8 ||    66
       Mace              |       |       |       |       |     2 ||     2
Throw: Large rock        |       |       |     4 |    34 |     2 ||    40
       Tomahawk          |       |       |       |     4 |       ||     4
       Javelin           |       |       |       |     6 |       ||     6
 Cast: Animate Skeleton  |       |       |       |    12 |     3 ||    15
       Regeneration      |       |       |       |       |     2 ||     2
       Vampiric Draining |       |       |       |       |     1 ||     1
Evoke: Wand              |       |       |       |     6 |       ||     6
       Lamp of fire      |       |       |       |     1 |     1 ||     2
       Phial of floods   |       |       |       |       |     1 ||     1
  Use: Scroll            |       |       |       |    20 |     4 ||    24
       Potion            |       |       |       |     6 |    18 ||    24
 Stab: Sleeping          |     5 |       |     4 |     2 |       ||    11
       Confused          |       |       |       |     2 |       ||     2
       Invisible         |       |       |       |     2 |       ||     2
       Distracted        |       |       |       |       |     1 ||     1
  Eat: Chunk             |    13 |    18 |    23 |    91 |    13 ||   158
Armor: Robe              |    29 |    70 |    48 |   171 |    45 ||   363
       Skin              |       |       |       |       |     2 ||     2
Dodge: Dodged            |    54 |    91 |    80 |   270 |    67 ||   562
